 Dungeon Crawl Stone Soup version bcrawl-1.18.1 (webtiles) character file.

Game seed: 4669166446857784551

334 Freyura the Shield-Bearer (level 6, -3/39 HPs)
             Began as a Gargoyle Fighter on Nov 7, 2019.
             Slain by a gnoll
             ... wielding a +0 halberd
              (6 damage)
             ... on level 3 of the Dungeon.
             The game lasted 00:05:21 (2132 turns).

Freyura the Shield-Bearer (Gargoyle Fighter)        Turns: 2132, Time: 00:05:22

Health: -3/39      AC: 16    Str: 19    XL:     6   Next: 53%
Magic:  6/6        EV:  5    Int:  9    God:
Gold:   127        SH:  9    Dex: 11    Spells: 5/5 levels left

rFire    x . .     SeeInvis .   a - +0 flail
rCold    + . .     Gourm    .   c - +0 shield
rNeg     + . .     Faith    .   r - +2 chain mail {rPois}
rPois    ∞         Spirit   .   (no helmet)
rElec    +         Reflect  .   (no cloak)
rCorr    .         Harm     .   (no gloves)
MR       .....                  (no boots)
Stlth    ..........             (no amulet)
HPRegen  0.13/turn              o - ring of ice
MPRegen  0.10/turn              (no ring)

@: no status effects
A: negative energy resistance 1, electricity resistance, unbreathing,
petrification resistance, rot immunity, AC +4
a: no special abilities


You were on level 3 of the Dungeon.
You were hungry.

You visited 1 branch of the dungeon, and saw 3 of its levels.

You collected 127 gold pieces.

Inventory:

Hand Weapons
 a - a +0 flail (weapon)
Armour
 c - a +0 shield (worn)
 r - a +2 chain mail of poison resistance (worn)
Jewellery
 o - a ring of ice (left hand)
Wands
 n - a wand of polymorph (2)
Scrolls
 b - 2 scrolls of enchant weapon {unknown}
 e - a scroll of magic mapping {unknown}
 h - 3 scrolls of identify
 i - a scroll of amnesia {unknown}
 j - 4 scrolls of remove curse {unknown}
 m - 2 scrolls of teleportation {unknown}
Potions
 g - 2 potions of brilliance {unknown}
 k - a potion of cancellation {unknown}
 l - a potion of degeneration {unknown}
 p - a potion of heal wounds {unknown}
 q - 4 potions of haste {unknown}
Comestibles
 f - 7 rations {!d}


   Skills:
 + Level 4.5 Fighting
 * Level 4.4 Maces & Flails
 + Level 4.5 Armour
 + Level 4.5 Shields


You had 5 spell levels left.
You didn't know any spells.
Your spell library contained the following spells:

 Spells                   Type           Power        Failure   Level  Hunger
 Corona                   Hex            #......      100%        1    ##.....
 Shackle                  Hex            #.......     100%        2    ###....
 False Image              Hex/Summ       #.......     100%        3    ####...
 Inner Flame              Hex/Fire       N/A          100%        3    ####...
 Cause Fear               Hex            #.........   100%        4    #####..
 Yara's Violent Unravell  Hex/Tmut       #.........   100%        4    #####..


Dungeon Overview and Level Annotations

Branches:
Dungeon (3/12)

Altars:
Gozag


Innate Abilities, Weirdness & Mutations

You are resistant to torment.
Your stone body is resilient. (AC +4)
You are immune to poison.
You resist negative energy. (rN+)
You are resistant to electric shocks. (rElec)
You can survive without breathing.
You are immune to petrification.
You are immune to rotting.


Message History

You hit the gnoll but do no damage. The gnoll hits you with a +0 flail.
* * * LOW HITPOINT WARNING * * *
You block the gnoll's attack.
You thump the gnoll!
The gnoll is severely wounded.
The gnoll closely misses you. The gnoll hits you but does no damage.
The gnoll completely misses you.
You closely miss the gnoll.
The gnoll is severely wounded.
You block the gnoll's attack. x2; The gnoll hits you but does no damage.
You sock the gnoll!
You kill the gnoll!
You block the gnoll's attack.
Things that are here:
a +0 flail; a +0 spear; a +0 flail You closely miss the gnoll.
The gnoll hits you with a +0 halberd.
* * * LOW HITPOINT WARNING * * *
You closely miss the gnoll. You block the gnoll's attack.
You hit the gnoll but do no damage. The gnoll hits you with a +0 halberd.
You die...

#.....##..#.####...#####
#.....#..##..###.......##
#.......####..÷.#.####...
#.........>.###....# ###.
#....#.####...###..## #.
#....#)######..#..[.####.
#### #...# ##...........
###.# ##..#........
#@####.....######.
######## #g....(.#### ##
##......###..####.# #
##.............###.# #
#.........g###.....# #
#..........# ####.## #
#........g.# ### #
#.........g# #..........#


You could see a gnoll.

Vanquished Creatures
  Sigmund (D:3)
  A centaur skeleton (D:2)
  Ijyb (D:3)
  3 gnolls (D:3)
  2 adders (D:2)
  5 worms
  4 leopard geckos
  3 orcs
  2 ball pythons (D:2)
  A giant cockroach (D:3)
  8 hobgoblins
  4 jackals (D:3)
  8 kobolds
  9 bats
  5 frilled lizards
  5 goblins
  7 rats
69 creatures vanquished.

Notes
Turn   | Place    | Note
-------+----------+-------------------------------------------
     0 | D:1      | Freyura the Gargoyle Fighter began the quest for the Orb.
     0 | D:1      | Reached XP level 1. HP: 14/14 MP: 1/1
   349 | D:1      | Reached XP level 2. HP: 19/19 MP: 2/2
   957 | D:2      | Reached XP level 3. HP: 19/23 MP: 3/3
  1015 | D:2      | Reached XP level 4. HP: 28/29 MP: 4/4
  1468 | D:2      | Found an opulent altar of Gozag.
  1772 | D:3      | Noticed Ijyb
  1799 | D:3      | Killed Ijyb
  1799 | D:3      | Reached XP level 5. HP: 25/33 MP: 5/5
  1829 | D:3      | Noticed Sigmund
  1841 | D:3      | Killed Sigmund
  1841 | D:3      | Reached XP level 6. HP: 35/39 MP: 6/6
  2132 | D:3      | Slain by a gnoll

Skill      XL: |  1  2  3  4  5 |
---------------+----------------+-----
Maces & Flails | 3 4 |  4.4
Fighting       | 4 |  4.5
Armour         | 4 |  4.5
Shields        | 4 |  4.5

Action                   |  1- 3 |  4- 6 || total
-------------------------+-------+-------++-------
Melee: Flail             |   103 |   157 ||   260
       Unarmed           |       |    13 ||    13
  Use: Scroll            |     1 |       ||     1
       Potion            |       |     1 ||     1
  Eat: Chunk             |       |     4 ||     4
Armor: Scale mail        |    55 |    44 ||    99
       Chain mail        |       |    40 ||    40
Dodge: Dodged            |    40 |    61 ||   101
Block: Shield            |    62 |    87 ||   149
